 Dungeon Crawl Stone Soup version 0.32-a0-818-gb728d0252e (webtiles) character file.

Game seed: 6568069108610321270

28 Esekla the Sneak (level 3, 26/26 HPs)
             Began as an Octopode Delver on Mar 24, 2024.
             Quit the game on level 5 of the Dungeon.
             The game lasted 00:00:57 (83 turns).

Esekla the Sneak (Octopode Delver)                    Turns: 83, Time: 00:00:58

Health: 26/26      AC:  1    Str: 11    XL:     3   Next: 14%
Magic:  4/4        EV: 12    Int: 14    God:
Gold:   0          SH:  0    Dex: 13    Spells: 3/3 levels left

rFire   . . .        a - +0 falchion
rCold   . . .        (no shield)
rNeg    . . .        (helmet restricted)
rPois   .            (no amulet)
rElec   .            (no ring)
rCorr   .            (no ring)
SInv    .            (no ring)
Will    .....        (no ring)
Stlth   ++++         (no ring)
HPRegen 0.24/turn    (no ring)
MPRegen 0.09/turn    (no ring)
                     (no ring)

%: no passive effects
@: no status effects
A: almost no armour, amphibious, 8 rings, camouflage 1, gelatinous body 1,
(nimble swimmer 1), tentacles
a: no special abilities


You were on level 5 of the Dungeon.
You visited 1 branch of the dungeon, and saw 1 of its levels.

Inventory:

Hand Weapons
 a - a +0 falchion (weapon)
 c - a +0 dagger
Wands
 f - a wand of digging (3)
Scrolls
 b - a scroll of fog
 d - a scroll of fear
Potions
 e - a potion of haste
 g - a potion of mutation {unknown}
 h - a potion of lignification {unknown}


   Skills:
 * Level 3.2 Fighting
 + Level 2.0 Long Blades
 * Level 2.3 Dodging
 + Level 7.1 Stealth
 * Level 0.8 Spellcasting


You had 3 spell levels left.
You didn't know any spells.
Your spell library was empty.

Dungeon Overview and Level Annotations

Branches:
Dungeon (5/15)
 Temple: D:4-7

Altars:
Vehumet


Innate Abilities, Weirdness & Mutations

You cannot wear most types of armour.
You are amphibious.
You can wear up to eight rings at the same time.
Your skin changes colour to match your surroundings (Stealth+).
Your rubbery body absorbs attacks. (AC +1, EV +1)
((You are camouflaged when in or above water. (Stealth+)))
You have tentacles for arms and can constrict up to eight enemies at once.


Message History

The iguana barely misses you.
You hit the iguana but do no damage. You grab the iguana.
You constrict the iguana. The iguana bites you.
You hit the iguana but do no damage.
The iguana is moderately wounded.
You constrict the iguana, but do no damage.
The iguana hisses menacingly.
The iguana barely misses you.
You hit the iguana but do no damage.
The iguana is moderately wounded.
You constrict the iguana. The iguana closely misses you.
You hit the iguana.
You squeeze the iguana, but do no damage.
The iguana is almost dead.
You constrict the iguana. The iguana misses you. The iguana closely misses you.
You hit the iguana.
The iguana is almost dead.
You constrict the iguana.
You kill the iguana!
Your Stealth skill increases to level 7!
You have reached level 2!
You have reached level 3!
Your experience leads to an increase in your attributes!
Increase (S)trength, (I)ntelligence, or (D)exterity?
You feel clever. x2
You start resting.
HP restored.
You start resting.
Magic restored.
You open the door.
Found a dagger.
There is an open door here.
You see here a +0 dagger.
c - a +0 dagger
Found a lumpy inky potion.
Found a stone staircase leading up.
An adder comes into view.
Found a radiant altar of Vehumet.
You see here a lumpy inky potion.
h - a lumpy inky potion Are you sure you want to abandon this character and quit the game? (Confirm with "yes".)

,,,,* *,,*,***,************,*,,,,
***,***,,*,,,,,*...,,,,,,,*,*,***
,,,,,,,,.#,,,,,,..#**,,,*,*,*,* *
,,*,***,...*****<.# *,,,*,*,*,* *
*,,,,,,,...######.####***,*,*,***
**,,,,,,.P...........,,,,,,,,,,,,
*******.P.........#*************
*.P.........# *,,,
*****.P......@..## *...
*,,,,............## *...
****,**,..........#..#########..,
,,,,,,*,._........##..........###
*,,,,,*,..........#####.......#..
*+***,*,...........,* #.......#.#
,,,,*,*,.P..........* ##......#.#
,,,,+,*,.P..........# #.......#.#
,,,,***,.P.S........#*#.......'.#


There were no monsters in sight!

Vanquished Creatures
  An iguana (D:5)
  2 jackals (D:5)
3 creatures vanquished.

Notes
Turn   | Place    | Note
-------+----------+-------------------------------------------
     0 | D:5      | Esekla the Octopode Delver began the quest for the Orb.
     0 | D:5      | Reached XP level 1. HP: 16/16 MP: 1/1
    13 | D:5      | Noticed an iguana
    27 | D:5      | Killed an iguana
    28 | D:5      | Reached skill level 7 in Stealth
    28 | D:5      | Reached XP level 2. HP: 16/21 MP: 1/3
    28 | D:5      | Reached XP level 3. HP: 20/26 MP: 1/4
    79 | D:5      | Found a radiant altar of Vehumet.
    83 | D:5      | Quit the game

Illustrated notes

Levels and vault maps discovered:
D:5:      layout_basic, mainiacjoe_overflow_boulevard, glass_columns_a,
          dreamdust_princess_corridor, dreamdust_gnoll_farm,
          uniq_crazy_yiuf_cottage, uniq_duvessa

Skill      XL: |  1 |
---------------+----+-----
Stealth        | 7 |  7.1
Fighting       | |  3.2
Long Blades    | |  2.0
Dodging        | |  2.3
Spellcasting   | |  0.8

Action                     || total
---------------------------++-------
  Melee: Falchion          ||    11
         Constrict         ||     3
         Tentacles         ||     2
    Use: Scroll            ||     1
 Armour: Skin              ||     4
  Dodge: Dodged            ||    10

Table legend: (Time is in decaauts)
 A = Elapsed time spent in this place.
 B = Non-inter-level travel time spent in this place.
 C = Inter-level travel time spent in this place.
 D = Time resting spent in this place.
 E = Time spent auto-exploring this place.
 F = Levels seen in this place.
 G = Mean time per level.
                   A        B        C        D        E       F      G
               +--------+--------+--------+--------+--------+-----+--------+
         Total |     85 |     85 |      0 |     34 |      0 |   1 |   85.0 |
       Dungeon |     85 |     85 |      0 |     34 |      0 |   1 |   85.0 |
               +--------+--------+--------+--------+--------+-----+--------+

Top non-repeatable levels by time:
     D:5: 85 daAuts
